 Dungeon Crawl Stone Soup version 0.32-a0-377-g951292165a (webtiles) character file.

Game seed: 9815887180890634160

110 Oil the Sneak (level 4, 0/24 HPs)
             Began as a Vine Stalker Brigand on Feb 19, 2024.
             Slain by a ball python (1 damage)
             ... on level 2 of the Dungeon.
             The game lasted 00:03:11 (630 turns).

Oil the Sneak (Vine Stalker Brigand)                 Turns: 630, Time: 00:03:12

Health: 0/24       AC:  4    Str: 14    XL:     4   Next: 91%
Magic:  0/5        EV: 11    Int: 11    God:
Gold:   69         SH:  0    Dex: 17    Spells: 3/3 levels left

rFire   . . .        a - +2 dagger
rCold   . . .        (no shield)
rNeg    . . .        b - +0 robe
rPois   .            (no helmet)
rElec   .            c - +0 cloak
rCorr   .            (no gloves)
SInv    .            i - +0 pair of boots
Will    .....        (no amulet)
Stlth   +++          (no ring)
HPRegen 1.04/turn    (no ring)
MPRegen 0.09/turn

%: guardian spirit
@: no status effects
A: fangs 2, regeneration 1, magic shield, antimagic bite, no potion heal 2
a: no special abilities


You were on level 2 of the Dungeon.
You visited 1 branch of the dungeon, and saw 2 of its levels.

You collected 69 gold pieces.

Inventory:

Hand Weapons
 a - a +2 dagger (weapon)
Missiles
 d - 9 poisoned darts (quivered)
 e - 3 curare-tipped darts
Armour
 b - a +0 robe (worn)
 c - a +0 cloak (worn)
 i - a +0 pair of boots (worn)
Scrolls
 f - a scroll of fog {unknown}
 g - a scroll of poison {unknown}
 h - a scroll of identify {unknown}
Potions
 j - 2 potions of curing {unknown}


   Skills:
 + Level 3.0 Fighting
 + Level 2.9 Short Blades
 - Level 1.7 Throwing
 - Level 0.7 Dodging
 + Level 5.9 Stealth


You had 3 spell levels left.
You didn't know any spells.
Your spell library was empty.

Dungeon Overview and Level Annotations

Branches:
Dungeon (2/15)

Altars:


Innate Abilities, Weirdness & Mutations

You have extremely sharp teeth.
Your natural rate of healing is unusually fast.
When hurt, damage is shared between your health and your magic reserves.
Your bite disrupts and absorbs the magic of your enemies.
Potions cannot restore your health.


Message History

You closely miss Jessica.
Jessica is heavily wounded.
You feel sick. Jessica closely misses you.
The ball python bites you but does no damage.
The ball python constricts you.
Jessica hits you with a +2 dagger of protection.
You hit Jessica but do no damage. You bite Jessica, but do no damage.
Jessica is heavily wounded.
You feel sick. The ball python barely misses you.
The ball python constricts you. Jessica barely misses you.
The ball python bites you but does no damage.
The ball python constricts you.
You hit Jessica. You bite Jessica, but do no damage.
Jessica is severely wounded.
You feel sick.
Jessica hits you with a +2 dagger of protection.
* * * LOW HITPOINT WARNING * * *
The ball python bites you but does no damage.
The ball python constricts you.
Unknown command.
You barely miss Jessica.
Jessica is severely wounded.
Jessica closely misses you. The ball python bites you.
* * * LOW HITPOINT WARNING * * *
The ball python constricts you.
* * * LOW HITPOINT WARNING * * *
Jessica hits you with a +2 dagger of protection.
* * * LOW HITPOINT WARNING * * *
You hit Jessica.
You kill Jessica!
* * * LOW HITPOINT WARNING * * *
You feel sick. The ball python closely misses you.
The ball python constricts you.
Your Fighting skill increases to level 3!
You escape the ball python's grasp.
* * * LOW HITPOINT WARNING * * *
You feel sick.
You are no longer poisoned.
The ball python bites you.
You die...

.... # #.. ###. #..##
... #..####.# ##..##..#
#####.....>########
###..................
#....†######.#...#### ?
#.##@## #...#.<... ...
#†S# ###.#####.
.....##.########.######
....@.......##........#
............##........#
............##.........
...l........##........#
............##........#
............###########


You could see a ball python.

Vanquished Creatures
  Jessica (D:2)
  3 adders (D:2)
  5 ball pythons
  3 bats (D:1)
  2 endoplasms (D:1)
  2 giant cockroaches (D:1)
  5 hobgoblins (D:1)
  3 kobolds (D:1)
  2 frilled lizards (D:1)
  3 goblins (D:1)
  5 rats (D:1)
34 creatures vanquished.

Notes
Turn   | Place    | Note
-------+----------+-------------------------------------------
     0 | D:1      | Oil the Vine Stalker Brigand began the quest for the Orb.
     0 | D:1      | Reached XP level 1. HP: 11/11 MP: 2/2
    58 | D:1      | Reached skill level 5 in Stealth
    82 | D:1      | Reached XP level 2. HP: 14/15 MP: 3/3
   176 | D:1      | Reached XP level 3. HP: 18/18 MP: 4/4
   575 | D:2      | Reached XP level 4. HP: 7/23 MP: 1/5
   614 | D:2      | Noticed Jessica
   628 | D:2      | HP: 1/23 [Jessica/+2 dagger of protection (3)]
   629 | D:2      | Killed Jessica
   630 | D:2      | Slain by a ball python

Illustrated notes

Levels and vault maps discovered:
D:1:      dpeg_arrival_rooms_with_view, layout_rooms
D:2:      layout_rooms, basic_altar, uniq_jessica

Skill      XL: |  1  2  3  4 |
---------------+-------------+-----
Fighting       | 2 3 |  3.0
Short Blades   | 2 |  2.9
Stealth        | 5 |  5.9
Throwing       | |  1.7
Dodging        | |  0.7

Action                     |  1- 3 |  4- 6 || total
---------------------------+-------+-------++-------
  Melee: Dagger            |    81 |    20 ||   101
         Bite              |    17 |     4 ||    21
   Stab: Sleeping          |     3 |     1 ||     4
 Armour: Robe              |    92 |    18 ||   110
  Dodge: Dodged            |    86 |    15 ||   101

Table legend: (Time is in decaauts)
 A = Elapsed time spent in this place.
 B = Non-inter-level travel time spent in this place.
 C = Inter-level travel time spent in this place.
 D = Time resting spent in this place.
 E = Time spent auto-exploring this place.
 F = Levels seen in this place.
 G = Mean time per level.
                   A        B        C        D        E       F      G
               +--------+--------+--------+--------+--------+-----+--------+
         Total |    618 |    612 |      6 |      9 |    261 |   2 |  309.0 |
       Dungeon |    618 |    612 |      6 |      9 |    261 |   2 |  309.0 |
               +--------+--------+--------+--------+--------+-----+--------+

Top non-repeatable levels by time:
     D:1: 520 daAuts
     D:2: 97 daAuts
